Map: Divergence LE

Players

Throwfordays

  • Race: Protoss Protoss
  • Spawn Location: 11:00

Faust

  • Race: Zerg Zerg
  • League: Diamond
  • Spawn Location: 11:00

Rhis

  • Race: Protoss Protoss
  • League: Diamond
  • Spawn Location: 5:00

Arreidem

  • Race: Protoss Protoss
  • League: Platinum
  • Spawn Location: 5:00

VOD

Have the link to the VOD?

Description

Time

  • Played on: July 1, 2019, 12:40 a.m.
  • Length: 15:38
Show
View Real Time Build Order
Export as new Build Order

Throwfordays Protoss 

Build Orders: 1 Gate Expand 

Get SALT Encoding   

  12  0:00  Probe  
  13  0:17  Pylon  
  13  0:20  Probe  
  14  0:32  Probe  
  15  0:42  Probe  
  15  0:43  Gateway  
  16  0:50  Probe  
  16  0:51  Assimilator  
  17  1:04  Probe  
  18  1:16  Probe  
  19  1:25  Nexus  
  19  1:31  Probe  
  20  1:41  Cybernetics Core  
  20  1:50  Assimilator  
  20  2:02  Probe  
  21  2:14  Probe  
  22  2:24  Warp Gate  
  22  2:26  Probe  
  22  2:27  Pylon  
  23  2:30  Gateway  
  23  2:32  Robotics Facility  
  23  2:33  Adept  
  23  2:36  Probe  
  23  2:44  Probe  
  26  2:47  Probe  
  28  2:52  Probe  
  28  2:57  Stalker  
  29  2:59  Probe  
  32  3:08  Probe  
  32  3:11  Probe  
  34  3:20  Adept  
  36  3:28  Probe  
  36  3:30  Probe, Immortal  
  36  3:33  Adept  
  40  3:40  Probe  
  45  3:42  Probe  
  46  3:58  Pylon  
  46  4:07  Immortal  
  46  4:16  Pylon, Probe x2  
  52  4:25  Pylon  
  52  4:26  Adept  
  54  4:34  Probe x2  
  54  4:36  Immortal  
  56  4:40  Pylon  
  56  4:43  Assimilator  
  56  4:46  Assimilator  
  56  4:47  Probe x2  
  56  4:52  Adept x2  
  66  5:09  Probe  
  66  5:12  Probe  
  68  5:15  Pylon, Warp Prism  
  68  5:17  Adept  
  68  5:18  Adept  
  74  5:21  Probe  
  74  5:24  Pylon  
  74  5:25  Pylon, Probe  
  76  5:33  Probe  
  77  5:43  Gateway  
  77  5:44  Gateway  
  77  5:46  Gateway  
  77  5:48  Gateway  
  77  5:49  Gateway  
  77  6:17  Stalker x2  
  69  6:36  Probe  
  69  6:39  Stalker  
  70  6:40  Stalker  
  72  6:47  Probe  
  72  6:48  Probe  
  74  6:59  Probe  
  74  7:00  Probe  
  76  7:10  Stalker x3  
  76  7:11  Stalker x4, Probe  
  76  7:12  Probe  
  74  7:23  Probe  
  74  7:25  Probe  
  74  7:26  Stalker x3  
  74  7:27  Pylon  
  82  7:35  Probe  
  82  7:37  Probe  
  84  7:44  Warp Prism  
  84  7:47  Pylon  
  84  7:49  Probe  
  87  7:52  Forge  
  87  7:53  Forge  
  87  8:09  Stalker x4  
  87  8:10  Stalker x3  
  101  8:54  Protoss Ground Weapons Level 1  
  101  8:55  Protoss Ground Armor Level 1  
  101  9:01  Pylon, Stalker x4  
  101  9:02  Stalker x3  
  115  9:03  Pylon  
  115  9:05  Pylon  
  115  9:07  Pylon  
  115  9:08  Pylon  
  115  9:11  Pylon  
  115  9:12  Pylon  
  115  9:30  Nexus  
  115  9:35  Nexus  
  111  10:05  Stalker x4  
  111  10:06  Stalker x3  
  99  10:21  Probe  
  92  10:28  Stalker x2  
  92  10:29  Stalker x2, Probe  
  85  10:39  Probe  
  58  11:01  Twilight Council  
  58  11:03  Probe  
  58  11:07  Probe  
  60  11:11  Probe  
  60  11:15  Probe x2  
  60  11:17  Assimilator  
  62  11:21  Assimilator  
  62  11:22  Stalker x5  
  62  11:25  Probe  
  72  11:37  Probe  
  72  11:45  Nexus  
  72  11:49  Probe  
  71  12:04  Nexus  
  71  12:19  Blink  
  71  12:24  Stargate  
  71  12:25  Stargate  
  71  12:27  Stargate  
  71  12:29  Stargate  
  71  12:39  Templar Archives  
  71  12:42  Protoss Ground Weapons Level 2, Protoss Ground Armor Level 2  
  71  12:52  Adept x5  
  71  12:53  Adept x2  
  71  12:58  Probe  
  74  13:10  Probe  
  75  13:27  Probe  
  76  13:35  Nexus  
  76  13:36  Pylon  
  76  13:43  Nexus  
  76  13:45  Pylon  
  76  13:50  Assimilator  
  76  13:52  Adept x5  
  76  13:55  Assimilator  
  84  14:02  Assimilator  
  68  14:08  Assimilator  
  68  14:22  Probe  
  69  14:31  Probe  
  69  14:34  Probe  
  69  14:36  High Templar x5  
  69  14:37  High Templar x2  
  85  14:41  Archon x3  
  85  14:43  Probe  
  86  14:46  Probe  
  86  14:48  Immortal  
  86  14:51  Probe  
  91  14:54  Probe  
  91  14:55  Probe  
  91  14:58  Probe  
  91  14:59  Probe  
  95  15:02  Probe  
  97  15:08  Probe  
  97  15:09  High Templar, Probe  
  97  15:10  High Templar x6, Probe  
  97  15:12  Probe  
  111  15:15  Archon x4  
  111  15:20  Probe  
  111  15:21  Probe  
  94  15:24  Probe  
Show
View Real Time Build Order
Export as new Build Order

Faust Zerg 

Build Orders: Hatch First 

Get SALT Encoding   

  12  0:01  Drone  
  13  0:10  Drone  
  14  0:14  Extractor  
  14  0:16  Drone  
  15  0:22  Overlord  
  15  0:41  Drone x2  
  17  0:56  Drone  
  18  1:00  Hatchery  
  18  1:01  Drone  
  18  1:08  Extractor  
  17  1:18  Spawning Pool  
  16  1:20  Drone  
  17  1:27  Drone  
  17  1:29  Drone  
  19  1:38  Overlord  
  19  2:07  Zergling x4, Queen  
  23  2:10  Metabolic Boost  
  23  2:12  Zergling x2  
  24  2:21  Queen, Drone  
  27  2:24  Zergling x4  
  29  2:34  Overlord  
  29  2:37  Spine Crawler  
  29  2:42  Drone  
  30  2:53  Drone x2  
  30  2:57  Lair  
  28  3:20  Zergling x10  
  28  3:26  Zergling x2  
  34  3:30  Roach Warren  
  34  3:32  Zergling x6  
  36  3:35  Drone  
  36  3:36  Drone x3  
  40  3:49  Drone x3  
  42  4:09  Drone x2  
  44  4:11  Overlord x2  
  44  4:16  Hydralisk Den  
  43  4:44  Drone x5  
  43  4:45  Overlord x2  
  46  4:52  Extractor  
  45  4:53  Drone x3  
  45  4:55  Hatchery, Drone  
  45  4:56  Extractor, Drone x2  
  49  5:12  Overseer  
  49  5:17  Drone  
  50  5:21  Hydralisk  
  50  5:22  Hydralisk x4  
  60  5:41  Muscular Augments, Drone  
  60  5:42  Drone x6  
  66  5:55  Hatchery  
  64  6:06  Drone x4  
  64  6:07  Queen  
  64  6:08  Overlord x2  
  67  6:12  Spore Crawler  
  67  6:13  Hydralisk  
  58  6:27  Hydralisk x4  
  58  6:29  Drone x2  
  58  6:30  Drone x2  
  70  6:36  Drone  
  71  6:48  Drone x4  
  75  7:00  Extractor  
  74  7:03  Spore Crawler  
  74  7:04  Spore Crawler  
  74  7:05  Spore Crawler, Drone x3  
  74  7:06  Drone x5  
  79  7:10  Spore Crawler  
  79  7:12  Spore Crawler  
  77  7:21  Drone  
  78  7:23  Drone x2  
  78  7:24  Drone x3  
  78  7:25  Drone  
  78  7:26  Drone x2  
  84  7:48  Spire  
  82  8:14  Spire  
  81  8:20  Drone  
  81  8:21  Drone x11  
  81  8:24  Extractor  
  81  8:26  Extractor  
  91  8:31  Hydralisk Den  
  90  8:34  Spore Crawler  
  90  8:41  Zergling x6  
  90  8:42  Zergling x2  
  88  8:48  Drone x2  
  88  8:49  Drone x2  
  86  9:00  Spore Crawler  
  86  9:02  Spore Crawler  
  84  9:04  Spore Crawler  
  79  9:11  Drone  
  79  9:12  Drone x5  
  76  9:28  Queen  
  76  9:34  Drone x3  
  76  9:35  Drone x5  
  81  10:04  Burrow  
  65  10:27  Corruptor x4  
  65  10:28  Corruptor x6  
  77  10:44  Corruptor  
  77  10:46  Drone x3  
  77  10:47  Drone  
  77  10:48  Queen  
  85  10:53  Drone  
  84  11:05  Corruptor  
  84  11:08  Drone x2  
  84  11:10  Drone x2  
  90  11:14  Spine Crawler  
  90  11:15  Spine Crawler  
  88  11:23  Corruptor  
  88  11:25  Overlord x4  
  90  11:26  Overlord  
  70  11:49  Corruptor x5  
  65  11:57  Corruptor  
  67  12:13  Extractor x2  
  64  12:16  Zergling x2  
  64  12:17  Zergling x10  
  68  12:26  Hatchery  
  49  12:58  Hydralisk  
  49  12:59  Hydralisk x5  
  52  13:25  Corruptor  
  52  13:26  Corruptor  
  47  13:28  Drone x2  
  49  13:38  Hatchery  
  49  13:40  Hatchery  
  47  13:41  Corruptor  
  49  14:04  Drone x7  
  54  14:15  Drone  
  54  14:16  Drone x3  
  56  14:18  Queen  
  56  14:20  Drone  
  56  14:23  Queen  
  61  14:26  Drone x2  
  61  14:27  Drone x2  
  65  14:35  Drone  
  67  14:38  Drone  
  67  14:39  Drone  
  68  14:54  Corruptor x3, Hatchery  
  68  14:59  Drone x2  
  75  15:00  Drone x2  
Show
View Real Time Build Order
Export as new Build Order

Rhis Protoss 

Build Orders:  

Get SALT Encoding   

  1  0:00  Probe  
  12  0:06  Probe  
  14  0:16  Probe  
  15  0:27  Pylon  
  15  0:35  Assimilator  
  15  0:45  Probe  
  15  0:47  Gateway  
  16  0:57  Probe  
  16  1:01  Gateway  
  17  1:05  Pylon, Probe  
  18  1:17  Probe  
  18  1:25  Assimilator  
  19  1:29  Probe  
  20  1:44  Pylon  
  20  1:49  Probe  
  20  1:52  Cybernetics Core  
  21  1:56  Zealot  
  23  2:04  Probe  
  23  2:05  Zealot  
  26  2:12  Probe  
  26  2:14  Pylon  
  27  2:23  Zealot  
  27  2:28  Warp Gate  
  29  2:32  Zealot  
  30  2:46  Probe  
  30  2:50  Zealot  
  33  2:52  Pylon  
  33  3:00  Twilight Council, Probe  
  28  3:29  Nexus  
  28  3:32  Shield Battery  
  28  3:35  Probe  
  29  3:53  Charge  
  27  3:58  Zealot x2  
  29  4:05  Probe  
  30  4:12  Pylon  
  30  4:17  Probe  
  31  4:29  Probe  
  32  4:36  Zealot  
  32  4:37  Zealot  
  35  4:41  Probe  
  35  4:44  Shield Battery, Probe  
  37  4:47  Pylon  
  37  4:48  Shield Battery  
  37  4:53  Probe x2  
  39  5:01  Probe  
  39  5:04  Zealot  
  39  5:05  Zealot, Probe  
  45  5:13  Gateway  
  45  5:20  Gateway  
  45  5:23  Probe x2  
  45  5:28  Zealot  
  49  5:32  Zealot  
  49  5:34  Probe  
  51  5:38  Probe  
  53  5:44  Assimilator  
  53  5:47  Assimilator  
  51  5:50  Probe  
  48  6:00  Zealot x2  
  44  6:08  Zealot  
  46  6:15  Zealot  
  29  6:32  Zealot  
  29  6:33  Zealot x2  
  35  6:45  Zealot  
  37  7:26  Zealot  
  39  7:32  Pylon  
  39  7:34  Pylon  
  39  7:36  Pylon  
  39  7:38  Gateway  
  39  7:41  Gateway  
  39  7:48  Pylon  
  39  7:50  Nexus  
  39  7:53  Assimilator  
  39  7:57  Templar Archives  
  39  7:58  Assimilator, Zealot x3  
  39  8:03  Zealot  
  47  8:10  Probe  
  48  8:22  Probe  
  49  8:34  Probe  
  50  8:43  Zealot x2  
  50  8:46  Probe  
  55  8:58  Probe  
  56  9:05  Psionic Storm  
  56  9:10  Probe  
  53  9:17  Probe  
  53  9:22  Probe  
  53  9:28  Pylon  
  53  9:29  Probe  
  54  9:34  Probe  
  49  9:38  High Templar x3  
  49  9:39  High Templar x3  
  49  9:42  Probe  
  60  9:47  Archon x3  
  60  9:53  Gateway  
  60  9:55  Gateway  
  60  9:58  Gateway x2  
  52  10:11  Zealot x5  
  52  10:12  Zealot  
  48  10:31  Zealot x3  
  48  10:32  Zealot x2  
  58  10:48  Nexus  
  58  10:51  Assimilator  
  58  10:57  Zealot x2  
  58  10:58  Zealot  
  64  11:06  Probe x2  
  66  11:14  Pylon  
  66  11:15  Assimilator  
  66  11:16  High Templar  
  66  11:17  High Templar  
  70  11:18  Probe x2  
  72  11:30  Probe x2  
  72  11:32  Forge  
  74  11:37  Forge  
  74  11:42  Probe  
  75  11:55  High Templar x5  
  75  11:56  High Templar  
  87  12:03  Protoss Ground Weapons Level 1, Protoss Ground Armor Level 1  
  87  12:14  Archon  
  87  12:15  Archon x2  
  85  12:18  Zealot  
  85  12:19  Zealot x3  
  91  12:42  Zealot  
  91  12:43  Zealot x4  
  91  12:44  Zealot  
  103  12:48  Stalker  
  103  12:49  Stalker x3  
  111  12:57  Probe  
  108  13:04  Zealot x4  
  108  13:05  Zealot x2  
  114  13:09  Probe  
  111  13:19  Stalker x3  
  117  13:26  Blink  
  117  13:50  Probe  
  96  14:04  High Templar x5  
  96  14:05  High Templar x5  
  96  14:09  Archon x2  
  110  14:10  Archon x3  
  110  14:11  Archon  
  104  14:20  Pylon  
  104  14:38  Stalker x6  
  110  14:39  Stalker x3  
  110  14:40  Stalker  
  124  14:54  Pylon  
  124  14:56  Pylon  
  124  14:57  Pylon  
  124  15:00  Pylon  
  124  15:11  Pylon  
  124  15:14  Pylon  
  124  15:20  High Templar  
  124  15:21  High Templar x7  
Show
View Real Time Build Order
Export as new Build Order

Arreidem Protoss 

Build Orders: Forge Fast Expand (FFE), Carriers 

Get SALT Encoding   

  12  0:01  Probe  
  13  0:17  Probe  
  14  0:25  Pylon  
  14  0:29  Probe  
  15  0:42  Probe  
  15  0:47  Forge  
  16  0:50  Probe  
  17  0:58  Probe  
  18  1:06  Probe  
  19  1:14  Probe  
  19  1:23  Probe  
  20  1:27  Nexus  
  21  1:36  Photon Cannon  
  21  1:45  Probe  
  22  1:49  Assimilator  
  22  1:51  Pylon  
  22  1:57  Probe  
  23  2:11  Gateway  
  23  2:15  Probe  
  23  2:18  Pylon  
  23  2:24  Probe  
  24  2:33  Probe  
  25  2:38  Assimilator  
  25  2:41  Photon Cannon  
  25  2:46  Probe x2  
  25  2:49  Assimilator  
  27  2:54  Probe  
  28  2:59  Photon Cannon  
  28  3:03  Probe  
  28  3:05  Photon Cannon  
  28  3:08  Probe  
  30  3:16  Probe x2  
  31  3:23  Cybernetics Core  
  31  3:25  Assimilator  
  31  3:26  Probe  
  33  3:48  Pylon  
  33  3:57  Pylon  
  33  3:58  Probe  
  33  4:02  Probe  
  35  4:04  Warp Gate  
  35  4:09  Stargate  
  35  4:10  Probe  
  35  4:13  Stargate, Probe  
  37  4:18  Stargate, Stalker  
  37  4:21  Probe  
  37  4:23  Probe  
  38  4:29  Probe  
  42  4:40  Probe  
  43  4:47  Oracle  
  43  4:48  Pylon  
  43  4:54  Probe  
  43  4:57  Oracle  
  50  5:01  Oracle  
  50  5:06  Probe  
  54  5:11  Zealot  
  56  5:18  Probe  
  57  5:21  Fleet Beacon  
  57  5:28  Void Ray  
  61  5:37  Probe x2  
  61  5:38  Zealot  
  61  5:40  Void Ray  
  65  5:46  Void Ray  
  65  5:47  Nexus  
  65  5:49  Probe x2  
  68  6:52  Pylon  
  68  6:53  Pylon  
  68  6:55  Pylon  
  68  6:57  Pylon  
  68  7:04  Carrier x2  
  68  7:05  Carrier  
  84  7:29  Probe  
  84  7:32  Photon Cannon  
  82  7:37  Probe  
  83  7:47  Probe  
  80  8:07  Carrier  
  80  8:08  Carrier  
  88  8:35  Probe  
  88  8:38  Pylon  
  89  8:43  Probe  
  89  8:44  Assimilator  
  89  8:48  Assimilator  
  90  8:51  Protoss Air Weapons Level 1  
  90  8:52  Probe  
  91  8:56  Carrier  
  93  9:11  Carrier  
  93  9:16  Probe  
  100  9:28  Photon Cannon, Probe  
  101  9:33  Photon Cannon  
  101  9:34  Shield Battery  
  101  9:37  Shield Battery  
  101  9:40  Nexus  
  101  9:43  Pylon  
  101  9:44  Pylon  
  101  9:45  Pylon  
  101  9:47  Pylon  
  100  10:03  Carrier  
  102  10:52  Pylon  
  102  10:54  Pylon  
  102  10:57  Pylon  
  102  11:03  Nexus  
  102  11:05  Pylon  
  102  11:06  Pylon  
  102  11:09  Pylon  
  102  11:10  Carrier  
  108  11:13  Carrier  
  108  11:16  Carrier  
  120  11:22  Protoss Air Armor Level 1  
  90  12:10  Stargate  
  90  12:14  Stargate, Carrier  
  90  12:15  Probe  
  96  12:17  Cybernetics Core, Carrier  
  96  12:20  Carrier  
  109  12:23  Probe  
  109  12:25  Assimilator  
  109  12:29  Assimilator  
  110  12:33  Forge, Probe  
  111  12:45  Probe  
  112  12:57  Probe  
  113  13:05  Protoss Air Weapons Level 2  
  113  13:06  Void Ray x2  
  115  13:17  Shield Battery  
  115  13:19  Carrier  
  120  13:21  Void Ray  
  120  13:24  Void Ray  
  122  13:45  Probe  
  122  13:47  Tempest x2  
  133  13:57  Void Ray, Probe  
  133  14:00  Forge, Void Ray  
  134  14:09  Probe  
  143  14:12  Tempest  
  143  14:21  Probe  
  143  14:22  Tempest x2  
  159  14:36  Tempest  
  164  14:49  Nexus, Pylon  
  164  14:51  Pylon  
  164  14:53  Pylon  
  164  14:54  Photon Cannon  
  164  14:55  Pylon  
  164  14:56  Photon Cannon  
  164  15:00  Photon Cannon  
  164  15:07  Probe  
  172  15:20  Probe  
Tags
 
Add a new tag
Caveats
  • Supply blocks, unpowered buildings, or Contaminate may cause inaccurate times.
  • Supply counts are checked every 10 seconds.